 Dungeon Crawl Stone Soup version 0.29-a0-551-gffc1d7fb78 (webtiles) character file.

Game seed: 14408628461948572262

12 ytrimaz the Grave Robber (level 2, 19/19 HPs)
             Began as a Demonspawn Necromancer on June 6, 2022.
             Quit the game on level 1 of the Dungeon.
             The game lasted 00:00:51 (822 turns).

ytrimaz the Grave Robber (Demonspawn Necromancer)    Turns: 822, Time: 00:00:51

Health: 19/19      AC:  4    Str:  8    XL:     2   Next: 20%
Magic:  3/5        EV: 12    Int: 16    God:
Gold:   35         SH:  0    Dex: 13    Spells: 4/5 levels left

rFire   . . .      SeeInvis .   (no weapon)
rCold   . . .      Faith    .   (no shield)
rNeg    . . .      Spirit   .   a - +0 robe
rPois   .          Reflect  .   g - +0 helmet
rElec   .          Harm     .   (no cloak)
rCorr   .          Rampage  .   (no gloves)
Will    .....                   h - +0 pair of boots
Stlth   ++........              (no amulet)
HPRegen 0.06/turn               (no ring)
MPRegen 0.09/turn               (no ring)

@: no status effects
A: foul stench 1
a: no special abilities


You were on level 1 of the Dungeon.
You visited 1 branch of the dungeon, and saw 1 of its levels.

You collected 35 gold pieces.

Inventory:

Armour
 a - a +0 robe (worn)
 g - a +0 helmet (worn)
 h - a +0 pair of boots (worn)
Scrolls
 d - a scroll of magic mapping {unknown}
 e - a scroll of teleportation {unknown}
Potions
 b - a potion of magic
 c - 2 potions of curing {unknown}


   Skills:
 - Level 1.7 Dodging
 - Level 1.7 Stealth
 - Level 2.0 Spellcasting
 + Level 5.0 Necromancy


You had 4 spell levels left.
You knew the following spells:

 Your Spells              Type           Power      Damage    Failure   Level
a - Necrotize             Necr           68%        1d7       2%          1

Your spell library contained the following spells:

 Spells                   Type           Power      Damage    Failure   Level
 Vampiric Draining        Necr           17%        2d7       8%          3
 Animate Dead             Necr           17%        N/A       26%         4
 Agony                    Necr           17%        N/A       58%         5


Dungeon Overview and Level Annotations

Branches:
Dungeon (1/15)

Altars:


Innate Abilities, Weirdness & Mutations

You may rarely emit foul miasma when damaged in melee.


Message History

The dead are flying!
A giant cockroach comes into view.
You can't see any susceptible monsters within range! (Use Z to cast anyway.)
You can't see any susceptible monsters within range! (Use Z to cast anyway.)
You can't see any susceptible monsters within range! (Use Z to cast anyway.)
Found 11 stones.
Your bat skeleton hits the giant cockroach but does no damage.
Your bat skeleton closely misses the giant cockroach. x2
The giant cockroach bites your bat skeleton.
You can't see any susceptible monsters within range! (Use Z to cast anyway.)
You can't see any susceptible monsters within range! (Use Z to cast anyway.)
Your bat skeleton hits the giant cockroach but does no damage.
Your bat skeleton barely misses the giant cockroach.
The giant cockroach bites your bat skeleton.
Your bat skeleton barely misses the giant cockroach.
Your bat skeleton hits the giant cockroach. x2
The giant cockroach closely misses your bat skeleton.
Your bat skeleton completely misses the giant cockroach.
You can't see any susceptible monsters within range! (Use Z to cast anyway.)
You can't see any susceptible monsters within range! (Use Z to cast anyway.)
Your bat skeleton hits the giant cockroach but does no damage.
The giant cockroach bites your bat skeleton.
Your bat skeleton hits the giant cockroach but does no damage.
The giant cockroach bites your bat skeleton.
Your bat skeleton is destroyed!
The giant cockroach writhes in agony.
You kill the giant cockroach!
Your Necromancy skill increases to level 5!
Magic restored.
A kobold comes into view. It is wielding a +0 whip.
A kobold is nearby!
A kobold is nearby!
The kobold shouts!
The kobold writhes in agony.
The kobold writhes in agony.
You kill the kobold!
The dead are walking!
Are you sure you want to abandon this character and quit the game? (Confirm with "yes".)
Okay, then.
Are you sure you want to abandon this character and quit the game? (Confirm with "yes".)

#.# #.# .####. #.#
......... ....##.#
#..##.#
###..##.####.###
#.......@)......
#.......#Z.....#
#..(...##......#
#......# ......#
######..#######+###
...............
#####
#####+#.#######
#.<.#
...............
##...##
####....#######
#P...P#.


You could see a friendly kobold skeleton.

Vanquished Creatures
  2 bats (D:1)
  An endoplasm (D:1)
  A giant cockroach (D:1)
  A hobgoblin (D:1)
  A kobold (D:1)
  A quokka (D:1)
  A frilled lizard (D:1)
  A rat (D:1)
9 creatures vanquished.

Vanquished Creatures (collateral kills)
  A kobold (D:1)
1 creature vanquished.

Grand Total: 10 creatures vanquished

Notes
Turn   | Place    | Note
-------+----------+-------------------------------------------
     0 | D:1      | ytrimaz the Demonspawn Necromancer began the quest for the
                  | Orb.
     0 | D:1      | Reached XP level 1. HP: 13/13 MP: 3/3
   510 | D:1      | Gained mutation: You may rarely emit foul miasma when
                  | damaged in melee. [demonic ancestry]
   510 | D:1      | Reached XP level 2. HP: 6/19 MP: 0/5
   782 | D:1      | Reached skill level 5 in Necromancy
   822 | D:1      | Quit the game

Illustrated notes

Levels and vault maps discovered:
D:1:      minmay_arrival_plants_in_alcoves, layout_basic, hangedman_glass_teeth

Skill      XL: |  1  2 |
---------------+-------+-----
Necromancy     | 5 |  5.0
Dodging        | |  1.7
Stealth        | |  1.7
Spellcasting   | |  2.0

Action                   || total
-------------------------++-------
 Cast: Necrotize         ||    14
Armor: Robe              ||     4
Dodge: Dodged            ||     7

Table legend: (Time is in decaauts)
 A = Elapsed time spent in this place.
 B = Non-inter-level travel time spent in this place.
 C = Inter-level travel time spent in this place.
 D = Time resting spent in this place.
 E = Time spent auto-exploring this place.
 F = Levels seen in this place.
 G = Mean time per level.
                   A        B        C        D        E       F      G
               +--------+--------+--------+--------+--------+-----+--------+
         Total |    822 |    780 |     42 |    210 |    471 |   1 |  822.0 |
       Dungeon |    822 |    780 |     42 |    210 |    471 |   1 |  822.0 |
               +--------+--------+--------+--------+--------+-----+--------+

Top non-repeatable levels by time:
     D:1: 822 daAuts
